 Dungeon Crawl Stone Soup version 0.22.1-2-g9c5b331 (webtiles) character file.

1897 Lilu the Thaumaturge (level 8, 0/41 HPs)
             Began as a Deep Elf Conjurer on Nov 17, 2018.
             Was an Initiate of Vehumet.
             Succumbed to a worker ant's poison
             ... on level 7 of the Dungeon.
             The game lasted 00:17:59 (7780 turns).

Lilu the Thaumaturge (Deep Elf Conjurer)            Turns: 7780, Time: 00:17:59

Health: 0/41       AC:  3    Str:  7    XL:     8   Next: 93%
Magic:  18/31      EV: 17    Int: 21    God:    Vehumet [......]
Gold:   327        SH:  0    Dex: 15    Spells: 21/24 levels left

rFire    . . .     SeeInvis +   r - +1 dagger (venom)
rCold    . . .     Gourm    .   (no shield)
rNeg     . . .     Faith    .   a - +1 robe
rPois    .         Spirit   .   (no helmet)
rElec    .         Reflect  .   (no cloak)
rCorr    .         Harm     .   (no gloves)
MR       .....                  (no boots)
Stlth    +++.......             (no amulet)
HPRegen  0.13/turn              l - ring of see invisible
MPRegen  0.22/turn              x - ring of magical power

@: lethally poisoned (0 -> -6)
A: no striking features
a: Renounce Religion


You were on level 7 of the Dungeon.
You worshipped Vehumet.
Vehumet was noncommittal.
You were hungry.

You visited 2 branches of the dungeon, and saw 8 of its levels.

You collected 327 gold pieces.

Inventory:

Hand Weapons
 n - a +0 flail of holy wrath
 r - a +1 dagger of venom (weapon)
Armour
 a - a +1 robe (worn)
 z - a +0 large shield
Jewellery
 l - a ring of see invisible (left hand)
 x - a ring of magical power (right hand)
 y - an uncursed ring of ice
Scrolls
 b - 2 scrolls of enchant armour
 d - a scroll of noise {unknown}
 e - 2 scrolls of teleportation {unknown}
 f - a scroll of amnesia {unknown}
 h - 5 scrolls of remove curse
 k - 8 scrolls of identify {unknown}
 o - a scroll of fear {unknown}
 s - a scroll of blinking {unknown}
Potions
 g - a potion of magic {unknown}
 i - 2 potions of flight {unknown}
 j - 3 potions of heal wounds {unknown}
 m - a potion of berserk rage {unknown}
 p - a potion of ambrosia {unknown}
 q - 3 potions of curing {unknown}
 t - 3 potions of brilliance {unknown}
 u - a potion of cancellation {unknown}
 w - 2 potions of mutation {unknown}
Comestibles
 c - 7 rations
 v - 3 chunks of flesh


   Skills:
 * Level 7.5 Dodging
 + Level 5.9 Stealth
 - Level 0.5 Shields
 - Level 8.8 Spellcasting
 - Level 8.2 Conjurations


You had 21 spell levels left.
You knew the following spells:

 Your Spells              Type           Power        Failure   Level  Hunger
a - Magic Dart            Conj           ####         1%          1    None
b - Searing Ray           Conj           #####.       1%          2    None

Your spell library contained the following spells:

 Spells                   Type           Power        Failure   Level  Hunger
 Iskenderun's Mystic Bla  Conj           #####...     2%          4    ###....
 Dazzling Spray           Conj/Hex       ####..       4%          3    None
 Force Lance              Conj/Tloc      ####....     13%         4    ###....
 Fulminant Prism          Conj/Hex       ####......   13%         4    ###....


Dungeon Overview and Level Annotations

Branches:
Dungeon (7/15)             Temple (1/1) D:5

Altars:
Ashenzari
Cheibriados
Dithmenos
Elyvilon
Fedhas
Hepliaklqana
Makhleb
Nemelex Xobeh
Okawaru
Qazlal
Ru
Trog
Uskayaw
Vehumet
Wu Jian
Xom
Yredelemnul
Zin
The Shining One

Annotations:
D:6 exclusion: gargoyle


Message History

You feel sick.
Unknown command.
Found a war axe.
Found a stone staircase leading up.
Casting: Searing Ray (safe; 1% risk of failure)
Confirm with . or Enter, or press ? or * to list all spells.
Aiming: Searing Ray (safe; 1% risk of failure)
Press: ? - help, Shift-Dir - straight line, f/p - ogre
Aim: an ogre, wielding a giant club (heavily wounded)
The searing ray hits the ogre.
The ogre is severely wounded. (Press . to maintain the ray.)
You feel sick.
The searing ray hits the ogre.
The ogre is almost dead.
You feel sick. The ogre hits you with a giant club!
* * * LOW HITPOINT WARNING * * *
The searing ray hits the ogre.
You kill the ogre!
Vehumet accepts your kill.
You die...

.. #. #. # #. .#
#.####.#
######.....[#.#.#
........<.......>
.......$......#..
.......@#####.#
.....^..)..# #
..###.#.#.....) .
...#.##.....
.#..#.# ..... #.
#. #.# ...< # #.
..# .?. ##. ...


There were no monsters in sight!

Vanquished Creatures
  Sigmund (D:4)
  A water moccasin (D:6)
  6 ogres
  2 phantoms
  A bullfrog (D:6)
  A howler monkey (D:6)
  A crimson imp (D:5)
  A centaur zombie (D:6)
  A bullfrog zombie (D:5)
  5 orc priests
  A jelly (D:7)
  2 hounds
  3 iguanas
  4 orc wizards
  2 worker ants
  2 worker ant zombies
  8 adders
  4 gnolls
  An adder skeleton (D:5)
  An adder zombie (D:6)
  A worm (D:3)
  3 dart slugs (D:1)
  3 leopard geckos
  23 orcs
  3 ball pythons
  3 giant cockroaches (D:2)
  15 goblins
  18 hobgoblins
  6 jackals
  3 quokkas
  7 bats
  6 frilled lizards
  11 kobolds
  7 rats
157 creatures vanquished.

Notes
Turn   | Place    | Note
-------+----------+-------------------------------------------
     0 | D:1      | Lilu the Deep Elf Conjurer began the quest for the Orb.
     0 | D:1      | Reached XP level 1. HP: 10/10 MP: 6/6
   164 | D:1      | Reached XP level 2. HP: 15/15 MP: 5/8
   168 | D:1      | Learned a level 2 spell: Searing Ray
   888 | D:1      | Found a shattered altar of Ashenzari.
   897 | D:1      | Reached skill level 5 in Conjurations
   897 | D:1      | Reached XP level 3. HP: 19/19 MP: 7/10
  1837 | D:2      | Reached XP level 4. HP: 24/24 MP: 10/12
  1980 | D:2      | Found a white marble altar of Elyvilon.
  1980 | D:2      | Found a burning altar of Makhleb.
  2485 | D:3      | Reached skill level 5 in Spellcasting
  2730 | D:3      | Found a stormy altar of Qazlal.
  3445 | D:4      | Reached XP level 5. HP: 23/28 MP: 10/15
  3932 | D:4      | Noticed a phantom
  3943 | D:4      | Reached XP level 6. HP: 32/32 MP: 9/17
  4294 | D:4      | Noticed Sigmund
  4304 | D:4      | Killed Sigmund
  4304 | D:4      | Reached XP level 7. HP: 36/36 MP: 12/20
  4782 | D:4      | Found a glowing golden altar of the Shining One.
  5056 | D:5      | Entered Level 5 of the Dungeon
  5137 | D:5      | Found a staircase to the Ecumenical Temple.
  5162 | Temple   | Entered the Ecumenical Temple
  5171 | Temple   | Became a worshipper of Vehumet
  5292 | D:5      | Reached XP level 8. HP: 21/41 MP: 14/22
  5792 | D:5      | Found an iron altar of Okawaru.
  5917 | D:5      | Reached skill level 5 in Dodging
  6042 | D:5      | Found a shadowy altar of Dithmenos.
  6094 | D:5      | Found a shimmering altar of Xom.
  6276 | D:6      | Noticed a gargoyle
  6417 | D:6      | Reached skill level 5 in Stealth
  7087 | D:6      | Found a hazy altar of Hepliaklqana.
  7779 | D:7      | HP: 1/41 [ogre/giant club (16)]
  7780 | D:7      | Succumbed to a worker ant's poison

Skill      XL: |  1  2  3  4  5  6  7  8 |
---------------+-------------------------+-----
Spellcasting   | 4 5 6 7 8 |  8.8
Conjurations   | 5 6 7 8 |  8.2
Dodging        | 3 7 |  7.5
Stealth        | 3 5 |  5.9
Shields        | |  0.5

Action                   |  1- 3 |  4- 6 |  7- 9 || total
-------------------------+-------+-------+-------++-------
Melee: Mace              |       |    21 |       ||    21
       Dagger            |       |     8 |    42 ||    50
 Cast: Magic Dart        |    80 |    68 |    25 ||   173
       Searing Ray       |     4 |    16 |    44 ||    64
  Use: Scroll            |       |     2 |     1 ||     3
 Stab: Distracted        |       |     1 |       ||     1
  Eat: Chunk             |     3 |     7 |    10 ||    20
Armor: Robe              |     4 |     3 |    15 ||    22
       Leather armour    |       |     6 |       ||     6
Dodge: Dodged            |    17 |    58 |    71 ||   146
